AoeStats
← oveja83

Arena

510207658Analyzed
1v1 RM · 1d ago on Sep 29, 2026· 52m 37s· 2 players
Game mode
Random Map
Map size
Tiny (2 player)
Population
200
Speed
Normal
Resources
Standard
Victory
Conquest
Starting age
Dark Age
Ending age
Imperial Age
RankedLock teamsTeams togetherTeam positionsShared explorationLock speedFull tech treeHidden civsTurbo modeCheats
Victory
Defeat
🇹🇷 Varangians · Türkiye
944
+16
🇨🇱 Mongols · Chile
946
-16
Mühendis
10:56 Feudal Age
11:30 Double-Bit Axe
16:43 Castle Age
14:28 Horse Collar
15:12 Gold Mining
16:03 Arson
17:49 Bloodlines
21:43 Fervor
21:56 Husbandry
23:49 Heavy Plow
24:00 Bow Saw
24:21 Stone Mining
25:59 Wheelbarrow
29:33 Scale Barding Armor
29:42 Forging
33:18 Imperial Age
31:15 Vendel Legacy
31:51 Light Cavalry
33:39 Squires
33:25 Gambesons
33:54 Elite Varangian Guard
34:44 Cavalier
37:06 Scale Mail Armor
40:11 Chain Mail Armor
40:31 Iron Casting
41:04 Gothikon
43:07 Siege Engineers
43:26 Ballistics
44:07 Chemistry
43:18 Masonry
43:33 Chain Barding Armor
43:44 Plate Mail Armor
43:49 Iron Casting
oveja83
7:22 Loom
10:04 Feudal Age
15:13 Castle Age
13:58 Double-Bit Axe
13:58 Horse Collar
14:16 Gold Mining
16:26 Bow Saw
22:13 Town Watch
24:09 Wheelbarrow
26:03 Hand Cart
25:56 Horse Collar
26:54 Gold Shaft Mining
28:14 Scale Barding Armor
31:00 Imperial Age
30:49 Bloodlines
30:50 Town Patrol
31:35 Scale Barding Armor
31:42 Stone Mining
33:09 Heavy Plow
33:56 Forging
34:12 Capped Ram
35:30 Drill
35:35 Chain Barding Armor
35:18 Husbandry
37:05 Iron Casting
36:14 Heavy Camel Rider
38:28 Siege Ram
39:36 Light Cavalry
41:18 Blast Furnace
41:07 Nomads
41:27 Conscription
42:48 Fortified Wall
43:39 Chemistry
42:47 Siege Engineers
42:15 Hussar
44:37 Stone Shaft Mining
44:16 Heavy Scorpion
Connection lost

Rejoining the realm…

Still unreachable

The connection could not be restored.

Session expired

The server has moved on; the page needs a fresh start.